 Dungeon Crawl Stone Soup version 0.30-a0-950-gbf40cfac39 (webtiles) character file.

Game seed: 3888114608536151652

1718938 tmaa the Invulnerable (level 26, 212/212 HPs)
             Began as a Minotaur Fighter on Mar 27, 2023.
             Was the Champion of Okawaru.
             Escaped with the Orb
             ... and 3 runes on Mar 28, 2023!
             The game lasted 04:51:43 (66534 turns).

tmaa the Invulnerable (Minotaur Fighter)           Turns: 66534, Time: 04:51:43

Health: 212/212    AC: 45    Str: 40    XL:     26   Next: 83%
Magic:  33/33      EV:  9    Int: 11    God:    Okawaru [******]
Gold:   6260       SH: 29    Dex: 14    Spells: 25/25 levels left

rFire   + + +      SeeInvis .    K - +6 broad axe (elec)
rCold   + + +      Faith    +    D - +4 tower shield {rN+}
rNeg    + + +      Spirit   .    O - +2 crystal plate armour
rPois   +          Reflect  .    G - +2 hat of the Imbibing Gods {rF+ Slay+2}
rElec   +          Rampage  .    n - +2 cloak "Wacitom" {rC++ Regen+}
rCorr   .                        v - +1 pair of gloves of Love and Death {rC+}
Will    +++..                    E - +1 pair of boots of the Hanged Man {rPois Will+ Str+6 Dex+3} Stlth
                                 h - amulet of the Lich-sworn {Faith rElec rPois rN+ Int-2}
HPRegen 1.35/turn                l - ring "Ziogig" {rF+ rN+ Will+ Str+4}
MPRegen 0.23/turn                i - ring of Ignis's Approval {rElec rPois rF+ rN+ Int+6}

@: hasted, studying 2 skills, very quick
A: horns 2, retaliatory headbutt, frail 2, inability to drink after injury 1
0: Orb of Zot
}: 3/15 runes: serpentine, barnacled, silver
a: Renounce Religion, Heroism, Finesse, Duel


You escaped.
You worshipped Okawaru.
Okawaru was exalted by your worship.
You visited 10 branches of the dungeon, and saw 48 of its levels.
You also visited: Trove, Ossuary, Gauntlet and Volcano.

You collected 7445 gold pieces.
You spent 1185 gold pieces at shops.

Inventory:

Hand Weapons
 K - a +6 broad axe of electrocution (weapon)
Missiles
 A - 6 boomerangs of dispersal
 C - 7 throwing nets
 V - 24 javelins
 X - 14 silver javelins (quivered)
Armour
 e - the +15 Maxwell's patent armour {-Cast -Tele rElec Will+ rCorr}
   (Okawaru gifted it to you on level 3 of the Vaults)

   rElec:     It insulates you from electricity.
   -Cast:     It prevents spellcasting.
   -Tele:     It prevents most forms of teleportation.
   rCorr:     It protects you from acid and corrosion.
   Will:      It increases your willpower.
 n - the +2 cloak "Wacitom" (worn) {rC++ Regen+}
   (You acquired it on level 2 of the Dungeon)

   rC:        It greatly protects you from cold.
   Regen:     It increases your rate of health regeneration.
 o - the +0 pair of boots of Tartarus {+Blink}
   (Okawaru gifted it to you on level 5 of the Realm of Zot)

   +Blink:    It lets you blink.
 v - the +1 pair of gloves of Love and Death (worn) {rC+}
   (You found it in a treasure trove)

   rC:        It protects you from cold.
 D - a +4 tower shield of positive energy (worn)
 E - the +1 pair of boots of the Hanged Man (worn) {rPois Will+ Str+6 Dex+3}
   (You bought it in a shop on level 4 of the Dungeon)

   Str:       It affects your strength (+6).
   Dex:       It affects your dexterity (+3).
   rPois:     It protects you from poison.
   Will:      It increases your willpower.
 G - the +2 hat of the Imbibing Gods (worn) {rF+ Slay+2}
   (Okawaru gifted it to you on level 5 of the Vaults)

   Slay:      It affects your accuracy & damage with ranged weapons and melee
   (+2).
   rF:        It protects you from fire.
 O - a +2 crystal plate armour (worn)
 Q - a scarf of repulsion
Jewellery
 h - the amulet of the Lich-sworn (around neck) {Faith rElec rPois rN+ Int-2}
   (You took it off a deep elf annihilator on level 3 of the Elven Halls)

   [amulet of faith]

   It allows you to gain divine favour quickly.
   Int:       It affects your intelligence (-2).
   rElec:     It insulates you from electricity.
   rPois:     It protects you from poison.
   rN:        It protects you from negative energy.
 i - the ring of Ignis's Approval (right hand) {rElec rPois rF+ rN+ Int+6}
   (You took it off a vault sentinel on level 5 of the Vaults)

   [ring of intelligence]

   Int:       It affects your intelligence (+6).
   rF:        It protects you from fire.
   rElec:     It insulates you from electricity.
   rPois:     It protects you from poison.
   rN:        It protects you from negative energy.
 l - the ring "Ziogig" (left hand) {rF+ rN+ Will+ Str+4}
   (You found it on level 3 of the Realm of Zot)

   [ring of willpower]

   Str:       It affects your strength (+4).
   rF:        It protects you from fire.
   rN:        It protects you from negative energy.
   Will:      It increases your willpower.
 M - a ring of flight
 T - a ring of willpower
Wands
 c - a wand of mindburst (37)
 m - a wand of paralysis (11)
 z - a wand of polymorph (16)
 B - a wand of flame (105)
 J - a wand of roots (60)
 P - a wand of digging (11)
 Y - a wand of light (15)
Scrolls
 b - a scroll of silence
 g - a scroll of acquirement
 p - 2 scrolls of poison
 q - 12 scrolls of fear
 r - 4 scrolls of magic mapping
 w - 6 scrolls of blinking
 x - 15 scrolls of teleportation
 H - 9 scrolls of fog
Potions
 d - 9 potions of might
 f - 21 potions of curing
 j - 2 potions of haste
 k - a potion of resistance
 u - 7 potions of heal wounds
 F - 11 potions of ambrosia
 L - 3 potions of berserk rage
Miscellaneous
 a - a tin of tremorstones (2/2)
 S - a phial of floods
 U - a condenser vane


   Skills:
 O Level 27 Fighting
 - Level 18.0 Axes
 + Level 14.3 Throwing
 O Level 27 Armour
 O Level 27 Shields
 + Level 14.7 Invocations
 + Level 14.4 Evocations


You had 25 spell levels left.
You didn't know any spells.
Your spell library contained the following spells:

 Spells                   Type           Power      Damage    Failure   Level
 Apportation              Tloc           0%         N/A       77%         1
 Beastly Appendage        Tmut           0%         N/A       77%         1
 Foxfire                  Conj/Fire      0%         2x1d4     77%         1
 Freeze                   Ice            0%         1d3       77%         1
 Kiss of Death            Conj/Necr      0%         2d5       77%         1
 Magic Dart               Conj           0%         1d3       77%         1
 Necrotise                Necr           0%         1d4       77%         1
 Sandblast                Erth           0%         2d4       77%         1
 Shock                    Conj/Air       0%         1d3       77%         1
 Sting                    Tmut/Pois      0%         1d3       77%         1
 Blink                    Tloc           0%         N/A       88%         2
 Cigotuvi's Dreadful Rot  Necr/Pois/Air  0%         N/A       88%         2
 Ensorcelled Hibernation  Hex/Ice        0%         N/A       88%         2
 Lesser Beckoning         Tloc           0%         N/A       88%         2
 Passwall                 Tmut/Erth      0%         N/A       88%         2
 Poisonous Vapours        Pois/Air       0%         N/A       88%         2
 Scorch                   Fire           0%         2d5       88%         2
 Searing Ray              Conj           0%         2d4       88%         2
 Sublimation of Blood     Necr           0%         N/A       88%         2
 Wereblood                Tmut           0%         N/A       88%         2
 Confusing Touch          Hex            0%         N/A       98%         3
 Dazzling Flash           Conj/Hex       0%         N/A       98%         3
 Frozen Ramparts          Ice            0%         1d1       98%         3
 Gell's Gravitas          Tloc           0%         N/A       98%         3
 Hailstorm                Conj/Ice       0%         3d3       98%         3
 Ignite Poison            Fire/Tmut/Pois 0%         N/A       98%         3
 Inner Flame              Hex/Fire       0%         N/A       98%         3
 Kindle Blastsparks       Fire/Tloc/Air  0%         2d10      98%         3
 Mephitic Cloud           Conj/Pois/Air  0%         N/A       98%         3
 Ozocubu's Armour         Ice            0%         N/A       98%         3
 Spider Form              Tmut/Pois      0%         N/A       98%         3
 Stone Arrow              Conj/Erth      0%         3d7       98%         3
 Swiftness                Air            0%         N/A       98%         3
 Teleport Other           Tloc           0%         N/A       98%         3
 Vhi's Electric Charge    Tloc/Air       0%         N/A       98%         3
 Airstrike                Air            0%         2d(0-16)  100%        4
 Anguish                  Hex/Necr       0%         N/A       100%        4
 Cause Fear               Hex            0%         N/A       100%        4
 Dispel Undead            Necr           0%         3d6       100%        4
 Flame Wave               Conj/Fire      0%         2d4       100%        4
 Fulminant Prism          Conj/Hex       0%         3d5       100%        4
 Ice Form                 Ice/Tmut       0%         N/A       100%        4
 Iskenderun's Mystic Bla  Conj/Tloc      0%         2d3       100%        4
 Manifold Assault         Tloc           0%         N/A       100%        4
 Olgreb's Toxic Radiance  Pois           0%         N/A       100%        4
 Passage of Golubria      Tloc           0%         N/A       100%        4
 Petrify                  Tmut/Erth      0%         N/A       100%        4
 Sticky Flame             Conj/Fire      0%         2d3       100%        4
 Alistair's Intoxication  Tmut/Pois      0%         N/A       100%        5
 Arcjolt                  Conj/Air       0%         1d10      100%        5
 Blade Hands              Tmut           0%         N/A       100%        5
 Borgnjor's Vile Clutch   Necr/Erth      0%         N/A       100%        5
 Fireball                 Conj/Fire      0%         3d3       100%        5
 Freezing Cloud           Conj/Ice/Air   0%         6-21      100%        5
 Irradiate                Conj/Tmut      0%         3d11      100%        5
 Lee's Rapid Deconstruct  Erth           0%         3d4*      100%        5
 Metabolic Englaciation   Hex/Ice        0%         N/A       100%        5
 Yara's Violent Unravell  Hex/Tmut       0%         3d3       100%        5
 Dispersal                Tloc           0%         N/A       100%        6
 Eringya's Noxious Bog    Tmut/Pois      0%         N/A       100%        6
 Iron Shot                Conj/Erth      0%         9d1       100%        6
 Starburst                Conj/Fire      0%         6d3       100%        6
 Dragon Form              Tmut           0%         N/A       100%        7
 Enfeeble                 Hex            0%         N/A       100%        7
 Ozocubu's Refrigeration  Ice            0%         4d7       100%        7
 Storm Form               Tmut/Air       0%         N/A       100%        7
 Disjunction              Tloc           0%         N/A       100%        8
 Ignition                 Fire           0%         3d3       100%        8
 Lehudib's Crystal Spear  Conj/Erth      0%         10d2      100%        8
 Maxwell's Capacitive Co  Air            0%         ∞         100%        8
 Chain Lightning          Conj/Air       0%         N/A       100%        9
 Fire Storm               Conj/Fire      0%         5d1       100%        9
 Shatter                  Erth           0%         3d5*      100%        9
 Summon Small Mammal      Summ           Unusable   N/A       N/A         1
 Call Imp                 Summ           Unusable   N/A       N/A         2
 Tukima's Dance           Hex            Unusable   N/A       N/A         3
 Animate Armour           Summ/Erth      Unusable   N/A       N/A         4
 Summon Ice Beast         Ice/Summ       Unusable   N/A       N/A         4
 Death Channel            Necr           Unusable   N/A       N/A         6
 Simulacrum               Ice/Necr       Unusable   N/A       N/A         6
 Summon Cactus Giant      Summ           Unusable   N/A       N/A         6
 Haunt                    Necr/Summ      Unusable   N/A       N/A         7
 Malign Gateway           Summ/Tloc      Unusable   N/A       N/A         7
 Spellforged Servitor     Conj/Summ      Unusable   N/A       N/A         7
 Summon Horrible Things   Summ           Unusable   N/A       N/A         8
 Dragon's Call            Summ           Unusable   N/A       N/A         9

Dungeon Overview and Level Annotations

Branches:
Dungeon (15/15)            Temple (1/1) D:5            Lair (5/5) D:10
 Shoals (4/4) Lair:2        Snake (4/4) Lair:2        Slime (0/5) Lair:5
    Orc (2/2) D:12            Elf (3/3) Orc:2        Vaults (5/5) D:14
  Crypt (0/3) Vaults:2     Depths (4/4) D:15            Zot (5/5) Depths:4
Ossuary (visited)         Volcano (visited)         Gauntlet (visited)

Altars:
Ashenzari
Cheibriados
Dithmenos
Elyvilon
Fedhas
Hepliaklqana
Kikubaaqudgha
Makhleb
Nemelex Xobeh
Okawaru
Qazlal
Ru
Sif Muna
Uskayaw
Vehumet
Wu Jian
Xom
Yredelemnul
Zin
The Shining One
Jiyva
Lugonu

Shops:
D:4 :[   D:8 :==*(   D:12 ?   D:15 ?   Orc:2 !:[!((:   Elf:1 [   Elf:2 *
Elf:3 !   Shoals:3 :   Snake:3 (?*:=:

Portals:
Hell: Depths:1 Depths:2 Depths:3 Depths:4
Abyss: D:5 Depths:3
Pandemonium: Depths:2 Depths:3
Ziggurat: Depths:4

Annotations:
D:14 Roxanne
Elf:1 6 runed translucent doors
Vaults:4 exclusion: 2 lightning spires
Depths:1 4 transporters
Zot:2 1 transporter, exclusion: orange crystal statue
Zot:3 1 runed translucent door, Levvoh's ghost, legendary MiBe


Innate Abilities, Weirdness & Mutations

You have a pair of horns on your head.
You reflexively headbutt those who attack you in melee.
You are very frail. (-20% HP)
You occasionally lose the ability to drink potions when taking damage.


Message History

A smoke demon comes into view.
The smoke demon moves out of view.
A shadow demon comes into view.
The shadow demon gestures.
There is a stone staircase leading up, spattered with blood here.
You block the bullfrog's attack.
You climb upwards.
There is a stone staircase leading down, spattered with blood here.
There is a stone staircase leading up here.
You climb upwards.
There is a stone staircase leading down here.
There is an open door here.
There is a stone staircase leading up here.
You climb upwards.
There is a stone staircase leading down here.
You see here a +0 whip.
There is an open door here.
There is a stone staircase leading up here.
You climb upwards.
There is a stone staircase leading down here.
There is an open door here.
An ice devil comes into view.
There is a stone staircase leading up here.
You climb upwards.
There is a stone staircase leading down here.
There is a stone staircase leading up here.
You climb upwards.
There is a stone staircase leading down here.
There is a stone staircase leading up here.
You climb upwards.
There is a stone staircase leading down here.
A Hell Sentinel comes into view.
The Hell Sentinel moves out of view.
There is a stone staircase leading up here.
You climb upwards.
There is a stone staircase leading down here.
You feel yourself speed up.
You see here a ball python skeleton.
There is a staircase leading out of the dungeon here.
You have escaped!

##..### ##.###.# #.##.....# #
#..†.####..##..# #.##.#.###
#.##..##..######### #.#..#.#
#.###....####.....###....#.#####
#.###...##.....⌠..##....##......
#.##..###.........###.#.########
#...........#......#....#
##.........###........#..#
#.........## #..@..#.....#
#..........###...........########
#.....)).....#......#............
#....††..#.........####..########
#........##.....⌠..#..#..# #
>.........####.....#..#..# #
.#...........#######.....# #
.#..######.>.............# ##
....# #############...#######.


There were no monsters in sight!

Vanquished Creatures
  4 dread liches
  3 orbs of fire
  An ancient lich (Zot:5)
  Mara (Snake:4)
  A juggernaut (Depths:3)
  4 Killer Klowns
  4 curse toes
  Xtahua (Vaults:3)
  13 golden dragons
  A bone dragon (Zot:3)
  An electric golem (Zot:5)
  Jorgrun (D:15)
  The ghost of choppaz the Wrestler, an adept TrFi of Wu Jian (Elf:3)
  5 liches
  16 tentacled monstrosities
  22 Orb Guardians
  11 titans
  A quicksilver dragon (shapeshifter) (Vaults:5)
  3 deep elf blademasters
  A walking frostbound tome (Depths:3)
  5 quicksilver dragons
  2 deep elf master archers (Elf:3)
  An Executioner (Zot:2)
  10 sphinxes
  13 death cobs
  20 storm dragons
  3 tengu reavers
  Kirke (D:14)
  10 shadow dragons
  A nagaraja (Snake:3)
  2 draconian knights
  7 deep elf sorcerers
  10 fire giants
  3 draconian scorchers
  13 vault wardens
  20 frost giants
  2 ghost moths
  3 cacodemons (Zot:3)
  2 orc warlords (Vaults:1)
  Louise (Snake:4)
  The ghost of tmaa the Severer, a journeyman MiFi of Okawaru (Snake:2)
  Aizul (Snake:4)
  2 deep elf elementalists (Elf:3)
  13 ironbound preservers
  A draconian stormcaller (Zot:4)
  4 war gargoyles
  5 draconian annihilators
  28 very ugly things
  12 ironbound thunderhulks
  22 stone giants
  12 green draconians
  A vampire knight (Depths:2)
  7 black draconians
  6 deep elf demonologists
  10 deep elf annihilators
  5 dire elephants (Vaults:1)
  4 white draconians
  Azrael (Orc:2)
  9 red draconians
  9 yellow draconians
  8 purple draconians
  3 minotaurs
  4 deep elf death magi
  The ghost of fly the Carver, a journeyman DgDe (D:13)
  4 merfolk impalers
  23 spark wasps
  3 merfolk javelineers
  A jiangshi (Depths:1)
  12 ettins
  7 great orbs of eyes
  3 deep elf high priests
  Harold (D:11)
  A blizzard demon (D:9)
  An entropy weaver (Vaults:4)
  13 fire dragons
  19 yaktaur captains
  Josephine (D:14)
  Erolcha (Orc:2)
  A rakshasa (Depths:3)
  33 vault guards
  2 hydras
  19 ice dragons
  A peacekeeper (Vaults:4)
  2 hell beasts
  3 salamander tyrants (Snake:4)
  5 ogre magi
  3 catoblepae (Lair:5)
  2 merfolk aquamancers (Shoals:3)
  A death knight (D:14)
  5 ironbound frosthearts
  2 spriggan air magi
  12 centaur warriors
  34 dancing weapons
  9 two-headed ogres
  17 anacondas
  14 satyrs (Shoals:4)
  13 naga warriors
  4 merfolk avatars
  4 tengu warriors
  2 hell hogs (Depths:3)
  9 boulder beetles
  2 vampire magi
  14 death yaks
  6 deep troll shamans
  6 deep troll earth magi
  4 orc high priests
  A spriggan berserker (Depths:3)
  7 naga sharpshooters
  Urug (D:13)
  10 shock serpents
  A thrashing horror (Gauntlet)
  12 sun demons
  Sonja (Lair:1)
  5 soul eaters
  22 deep elf knights
  23 hell knights
  11 skysharks
  4 sixfirhies
  A fire crab (shapeshifter) (Elf:3)
  A fire crab (Vaults:4)
  8 iron trolls
  A glowing orange brain (Depths:4)
  10 sea snakes
  12 salamander mystics (Snake:4)
  5 skeletal warriors (D:12)
  3 naga ritualists
  A flayed ghost (Depths:2)
  A death drake (shapeshifter) (Depths:3)
  55 deep trolls
  4 bog bodies (Shoals:1)
  21 deep elf archers
  An obsidian statue (D:13)
  6 wizards
  7 necromancers
  Pikel (D:9)
  19 ironbound convokers
  7 phantasmal warriors
  15 orc knights
  17 lindwurms
  8 harpies
  3 mana vipers
  A wolf spider zombie (D:13)
  28 deep elf pyromancers
  A spectral wolf spider (D:13)
  A wolf spider (D:15)
  A wolf spider (shapeshifter) (Depths:4)
  A cyclops (shapeshifter) (Depths:4)
  38 ugly things
  25 deep elf zephyrmancers
  An oklob plant (Lair:3)
  20 salamanders
  5 orc sorcerers
  8 cyclopes
  31 moths of wrath
  10 fauns
  16 manticores
  A centaur zombie (D:13)
  The ghost of sadpotato the Carver, a novice OpBe of Trog (D:5)
  A manticore (shapeshifter) (Vaults:5)
  19 naga magi
  6 water nymphs
  A rust devil (Depths:2)
  3 spectral centaurs (D:13)
  50 black mambas
  7 smoke demons
  Joseph (Lair:1)
  5 elephants
  9 guardian serpents
  24 vault sentinels
  7 merfolk sirens
  Maggie (D:6)
  2 torpor snails
  3 eyes of devastation (Depths:1)
  7 gargoyles
  5 molten gargoyles
  A rime drake (shapeshifter) (Vaults:5)
  An unseen horror (D:12)
  11 cane toads
  28 yaktaurs
  2 efreet
  A rime drake (Lair:5)
  A tormentor (Depths:2)
  10 komodo dragons
  3 freezing wraiths
  A tengu conjurer (Depths:3)
  A meliai (shapeshifter) (Elf:1)
  A polar bear (Lair:3)
  A queen bee (Orc:1)
  3 meliai (D:13)
  32 merfolk
  6 wind drakes
  A hornet (Lair:2)
  4 trolls
  A dream sheep (Shoals:3)
  25 blink frogs
  A hellwing (Depths:2)
  9 snapping turtles
  A raiju (Vaults:4)
  50 slime creatures
  5 air elementals
  A spriggan (Lair:2)
  3 shadows (D:11)
  2 centaur simulacra (D:13)
  A vampire (D:11)
  A jumping spider (shapeshifter) (Depths:2)
  2 jumping spiders (Vaults:4)
  11 water elementals
  4 small abominations
  10 wraiths
  5 wyverns
  5 fire bats
  45 yaks
  9 basilisks
  A fire bat (shapeshifter) (Vaults:5)
  Grum (D:9)
  3 hogs (D:14)
  A steam dragon (D:6)
  3 humans (D:14)
  12 fire elementals
  A chaos spawn (Depths:2)
  15 vampire mosquitoes
  Menkaure (D:7)
  3 swamp worms (Gauntlet)
  The ghost of linchpin the Cutter, an amateur KoBe of Trog (D:4)
  3 wargs
  4 acid dragons
  45 nagas
  5 hell hounds
  13 water moccasins
  A spectral hornet (D:13)
  An ice beast (D:6)
  2 sky beasts (Vaults:4)
  6 black bears
  22 orc warriors
  9 ogres
  4 boggarts (Vaults:1)
  47 wolves
  5 centaurs
  2 phantoms
  A kobold brigand (D:6)
  13 bullfrogs
  2 gnoll sergeants
  7 earth elementals
  9 wights
  35 killer bees
  7 howler monkeys
  An electric eel (Lair:2)
  4 crimson imps (D:14)
  A quasit (D:5)
  A lava snake (Vaults:4)
  A gnoll bouda (Orc:1)
  6 jellies
  Crazy Yiuf (D:7)
  25 orc priests
  5 hounds
  A sleepcap (D:6)
  24 orc wizards
  A mummy (Ossuary)
  25 gnolls
  15 adders
  3 white imps (D:5)
  2 ufetubi
  A worm zombie (D:5)
  3 worms
  4 dart slugs
  79 orcs
  6 endoplasms
  A giant cockroach (D:2)
  9 goblins
  16 hobgoblins
  5 jackals (D:2)
  16 kobolds
  6 quokkas
  7 ball pythons
  4 bats
  2 frilled lizards
  7 gnoll skeletons (Ossuary)
  A hobgoblin zombie (D:5)
  5 kobold skeletons (Ossuary)
  13 orc skeletons (Ossuary)
  3 rats
  A fire vortex (Depths:1)
2246 creatures vanquished.

Vanquished Creatures (others)
  A black draconian (Zot:3)
  An ogre mage (Vaults:4)
  A sea snake (Shoals:3)
  2 deep elf zephyrmancers (Elf:2)
  An ugly thing (D:14)
  A blink frog (Lair:5)
  A dream sheep (Shoals:3)
  4 orcs
  A ball lightning (Vaults:4)
  3 demonic plants (Gauntlet)
  A fire vortex (Depths:1)
  28 fungi
  95 plants
140 creatures vanquished.

Grand Total: 2386 creatures vanquished

Notes
Turn   | Place    | Note
-------+----------+-------------------------------------------
     0 | D:1      | tmaa the Minotaur Fighter began the quest for the Orb.
     0 | D:1      | Reached XP level 1. HP: 19/19 MP: 0/0
    60 | D:1      | Reached XP level 2. HP: 27/27 MP: 1/1
   282 | D:1      | Reached XP level 3. HP: 29/33 MP: 2/2
   875 | D:2      | Reached XP level 4. HP: 39/40 MP: 3/3
   917 | D:2      | Found a sparkling altar of Nemelex Xobeh.
  1502 | D:2      | Identified a scroll of acquirement
  1502 | D:2      | Acquired the +2 cloak "Wacitom" {rC++ Regen+}
  1751 | D:3      | Reached XP level 5. HP: 47/47 MP: 4/4
  2073 | D:4      | Reached skill level 5 in Fighting
  2073 | D:4      | Reached skill level 5 in Axes
  2073 | D:4      | Reached skill level 5 in Armour
  2073 | D:4      | Reached XP level 6. HP: 56/56 MP: 5/5
  2157 | D:4      | Reached skill level 5 in Shields
  2165 | D:4      | Found Eraylepuk's Antique Armour Boutique.
  2296 | D:4      | Found Etoasuin's Book Shoppe.
  2766 | D:4      | Reached XP level 7. HP: 61/61 MP: 6/6
  2842 | D:4      | Identified the +5 halberd of Ignis's Generosity {chaos,
                  | Dex+3}
  2876 | D:4      | Found a transporter.
  2882 | D:4      | Found a transporter.
  2903 | D:4      | Noticed linchpin's ghost (amateur KoBe)
  3058 | D:5      | Entered Level 5 of the Dungeon
  3170 | D:5      | Noticed sadpotato's ghost (novice OpBe)
  3171 | D:5      | Found a one-way gate to the infinite horrors of the Abyss.
  3182 | D:5      | Noticed a small abomination
  3186 | D:5      | Found a transporter.
  3191 | D:5      | Found a transporter.
  3196 | D:5      | Noticed a small abomination
  3218 | D:5      | Found a sand-covered staircase.
  3240 | Ossuary  | Entered an ossuary
  3240 | Ossuary  | Noticed a wraith
  3240 | Ossuary  | Noticed a wraith
  3240 | Ossuary  | Noticed a wraith
  3422 | Ossuary  | Noticed a wraith
  3446 | Ossuary  | Killed a wraith
  4104 | D:5      | Found a staircase to the Ecumenical Temple.
  4114 | Temple   | Entered the Ecumenical Temple
  4196 | D:5      | Reached XP level 8. HP: 70/70 MP: 7/7
  4422 | D:4      | Killed linchpin's ghost
  4608 | D:4      | Bought a pair of transparent boots for 285 gold pieces
  4608 | D:4      | Identified the +1 pair of boots of the Hanged Man {rPois
                  | Will+ Str+6 Dex+3} (You bought it in a shop on level 4 of
                  | the Dungeon)
  4705 | D:6      | Identified the +8 hand axe of a Billion Visions {venom,
                  | Str+3}
  4733 | D:6      | Noticed Maggie
  4746 | D:6      | Killed Maggie
  5153 | D:6      | Found a shimmering altar of Xom.
  5159 | D:6      | Reached XP level 9. HP: 59/79 MP: 4/8
  5203 | D:6      | Found a sparkling altar of Nemelex Xobeh.
  5954 | D:7      | Reached skill level 10 in Axes
  5994 | D:7      | Noticed Menkaure
  6001 | D:7      | Killed Menkaure
  6458 | D:7      | Found a runed translucent door.
  6459 | D:7      | Noticed Crazy Yiuf
  6465 | D:7      | Killed Crazy Yiuf
  6569 | D:8      | Identified the +7 rapier of Greed {heavy, rN+}
  6602 | D:8      | Found Moyrot's Assorted Antiques.
  6608 | D:8      | Bought a scroll labelled ZYCOVOEROL for 27 gold pieces
  6626 | D:8      | Found Seggew's Jewellery Boutique.
  6663 | D:8      | Found Rifulad's Book Boutique.
  6678 | D:8      | Found Nuid's Jewellery Shop.
  6687 | D:8      | Found Gufej's Antique Weapon Shoppe.
  6694 | D:8      | Bought a broad axe for 92 gold pieces
  7110 | D:8      | Reached XP level 10. HP: 84/90 MP: 7/9
  7263 | D:9      | Identified the ring "Maozoora" {Fly rPois Dex+5}
  7334 | D:9      | Noticed Grum
  7485 | D:9      | Noticed Pikel
  7486 | D:9      | Killed Grum
  7497 | D:9      | Killed Pikel
  7818 | D:10     | Entered Level 10 of the Dungeon
  7841 | D:10     | Reached XP level 11. HP: 99/99 MP: 10/10
  7846 | D:10     | Reached skill level 10 in Fighting
  7850 | D:10     | Reached skill level 10 in Armour
  7902 | D:10     | Reached skill level 10 in Shields
  8368 | D:10     | Found a staircase to the Lair.
  8414 | Lair:1   | Entered Level 1 of the Lair of Beasts
  8414 | Lair:1   | Noticed Joseph
  8426 | Lair:1   | Killed Joseph
  8662 | D:4      | Bought an embroidered scarf for 240 gold pieces
  8966 | Lair:1   | Noticed Sonja
  8966 | Lair:1   | Noticed a boulder beetle
  8990 | Lair:1   | Killed a boulder beetle
  8993 | Lair:1   | Killed Sonja
  9958 | Lair:2   | Found a dark tunnel.
  9971 | Volcano  | Entered a volcano
  9989 | Volcano  | Reached XP level 12. HP: 110/110 MP: 11/11
 10006 | Volcano  | Reached skill level 15 in Axes
 10401 | Volcano  | Noticed an orb of fire
 10695 | Volcano  | Noticed a red draconian
 10727 | Volcano  | Killed a red draconian
 10774 | Volcano  | Noticed an orb of fire
 11092 | Lair:2   | Found a staircase to the Snake Pit.
 11282 | Lair:2   | Reached XP level 13. HP: 110/119 MP: 10/12
 11627 | Lair:2   | Found a staircase to the Shoals.
 12320 | Lair:3   | Identified the +8 long sword of Unpleasantness {heavy,
                  | rElec Str-2 Int+6}
 13155 | Lair:4   | Identified the +5 sling "Joss" {drain, Fragile rF+ Int+6}
 13495 | Lair:5   | Entered Level 5 of the Lair of Beasts
 14132 | Lair:5   | Reached XP level 14. HP: 89/130 MP: 9/13
 14443 | Lair:5   | Found a viscous altar of Jiyva.
 14444 | Lair:5   | Found a staircase to the Slime Pits.
 15448 | D:5      | Killed sadpotato's ghost
 15624 | D:11     | You fall into a shaft and drop 1 floor!
 15722 | D:11     | Reached skill level 15 in Armour
 15787 | D:11     | Noticed Harold
 15798 | D:11     | Killed Harold
 15799 | D:11     | Reached skill level 15 in Fighting
 15799 | D:11     | Reached skill level 15 in Shields
 15804 | D:11     | Got the Secrets of Polar Arson
 16624 | D:12     | Found a staircase to the Orcish Mines.
 16746 | D:12     | Identified the +4 scale mail "Olah" {-Tele rF++ rN+}
 16861 | D:12     | Found a glowing golden altar of the Shining One.
 17109 | D:12     | Found Gased's Magic Scroll Shop.
 17239 | Orc:1    | Entered Level 1 of the Orcish Mines
 17526 | Orc:2    | Entered Level 2 of the Orcish Mines
 17528 | Orc:2    | Found Xexu's Antique Weapon Boutique.
 17550 | Orc:2    | Noticed Azrael
 17572 | Orc:2    | Noticed Erolcha
 17578 | Orc:2    | Killed Azrael
 17644 | Orc:2    | Found a staircase to the Elven Halls.
 17711 | Orc:2    | Reached XP level 15. HP: 128/143 MP: 11/14
 17743 | Orc:2    | Found Xuokoptu's Book Shop.
 17749 | Orc:2    | Killed Erolcha
 17913 | Orc:2    | Found Zuumuack's Antique Weapon Boutique.
 18172 | Orc:2    | Reached skill level 1 in Throwing
 18364 | Orc:2    | Found Wasynkic's Distillery.
 18364 | Orc:2    | Found Ete Odukh's Antique Armour Boutique.
 18381 | Orc:2    | Found Zecu's Book Emporium.
 18381 | Orc:2    | Found Pokoum's Distillery.
 18396 | Orc:2    | Bought a potion of heal wounds for 70 gold pieces
 18396 | Orc:2    | Bought a potion of haste for 140 gold pieces
 18396 | Orc:2    | Bought a potion of heal wounds for 70 gold pieces
 18669 | D:13     | Found a portal to a secret trove of treasure.
 18946 | D:13     | Identified the +1 ring mail of Keirhiat {rC+ Will+ Dex+5
                  | Stlth+}
 19022 | D:13     | Noticed Urug
 19032 | D:13     | Killed Urug
 19126 | D:13     | Found a runed translucent gate.
 19126 | D:13     | Found a runed translucent gate.
 19131 | D:13     | Noticed fly's ghost (journeyman DgDe)
 19133 | D:13     | Found a runed translucent gate.
 19185 | D:13     | Killed fly's ghost
 19210 | D:13     | Identified the +0 helmet of the Gardener {rElec rF- Int+3}
 19843 | Temple   | Became a worshipper of Warmaster Okawaru
 20034 | D:14     | Noticed Kirke
 20054 | D:14     | Killed Kirke
 20121 | D:14     | Noticed Josephine
 20130 | D:14     | Killed Josephine
 20134 | D:14     | Reached * piety under Okawaru
 20181 | D:14     | Found a gate to the Vaults.
 20323 | D:14     | Reached ** piety under Okawaru
 20337 | D:14     | Reached skill level 1 in Invocations
 20439 | D:14     | Found an iron altar of Okawaru.
 20469 | D:14     | Identified Roxanne's Grimoire of the Quarry
 20469 | D:14     | Noticed Roxanne
 20791 | D:14     | Found a shimmering altar of Xom.
 21162 | D:15     | Entered Level 15 of the Dungeon
 21195 | D:15     | Reached *** piety under Okawaru
 21304 | D:15     | Found a staircase to the Depths.
 21328 | Depths:1 | Entered Level 1 of the Depths
 21446 | D:15     | Found Hugguses's Magic Scroll Emporium.
 21522 | D:15     | Found a gate leading to a gauntlet.
 21537 | Gauntlet | Entered a Gauntlet
 21537 | Gauntlet | Found a transporter.
 21542 | Gauntlet | Found a transporter.
 21544 | Gauntlet | Found a transporter.
 21560 | Gauntlet | Found a transporter.
 21562 | Gauntlet | Found a transporter.
 21577 | Gauntlet | Found a transporter.
 21589 | Gauntlet | Found a transporter.
 21599 | Gauntlet | Found a transporter.
 21609 | Gauntlet | Found a transporter.
 21624 | Gauntlet | Found a transporter.
 21633 | Gauntlet | Found a transporter.
 21634 | Gauntlet | Found the +2 cloak of the Thief {*Fog Slay-2 SInv Stlth+}
 21635 | Gauntlet | Found a transporter.
 21739 | Gauntlet | Found a transporter.
 21793 | Gauntlet | Reached skill level 5 in Throwing
 21809 | Gauntlet | Identified the ring "Kahurphu" {Int+5 Slay+4}
 21984 | Depths:1 | Reached **** piety under Okawaru
 22121 | Depths:1 | Reached XP level 16. HP: 147/149 MP: 17/17
 22140 | Depths:1 | Found a transporter.
 22144 | Depths:1 | Found a transporter.
 22146 | Depths:1 | Found a transporter.
 22204 | Depths:1 | Found a transporter.
 22722 | Depths:1 | Reached ***** piety under Okawaru
 22886 | Depths:1 | Reached skill level 5 in Invocations
 23013 | Depths:1 | Received a gift from Okawaru
 23464 | Depths:1 | Found a gateway to Hell.
 23504 | Depths:1 | Noticed a sphinx
 23522 | Depths:1 | Killed a sphinx
 23522 | Depths:1 | Identified the +4 ring mail of Filth {rF+} (Okawaru gifted
                  | it to you on level 1 of the Depths)
 23522 | Depths:1 | Received a gift from Okawaru
 23968 | D:15     | Noticed Jorgrun
 23992 | D:15     | Killed Jorgrun
 24746 | Snake:1  | Entered Level 1 of the Snake Pit
 24748 | Snake:1  | Identified the +1 long sword "Hisir" {spect, Will- Str+3
                  | Int+3}
 24948 | Snake:1  | Reached XP level 17. HP: 159/166 MP: 16/19
 25009 | Snake:1  | Reached ****** piety under Okawaru
 25584 | Snake:2  | Found a runed translucent door.
 25584 | Snake:2  | Found a shimmering altar of Xom.
 25584 | Snake:2  | Noticed tmaa's ghost (journeyman MiFi)
 26226 | Snake:2  | Received a gift from Okawaru
 26708 | Snake:2  | Killed tmaa's ghost
 27274 | Snake:3  | Found Waanivem's Assorted Antiques.
 27294 | Snake:3  | Found Feseteith's Magic Scroll Shop.
 27307 | Snake:3  | Found Ydeis's Weapon Emporium.
 27443 | Snake:3  | Found Kotixots's Book Emporium.
 27451 | Snake:3  | Found Wugh's Jewellery Boutique.
 27452 | Snake:3  | Found Tiollico's Book Emporium.
 27870 | Snake:4  | Entered Level 4 of the Snake Pit
 28035 | Snake:4  | Noticed Louise
 28051 | Snake:4  | Killed Louise
 28089 | Snake:4  | Identified the +0 hand crossbow "Stringbean" {penet, +Blink
                  | rC- rCorr Str+3} (Okawaru gifted it to you on level 4 of
                  | the Snake Pit)
 28089 | Snake:4  | Received a gift from Okawaru
 28273 | Snake:4  | Identified the ring "Eteupnyu" {*Slow Will++ MP+9 Int+2
                  | Slay-4}
 28579 | Snake:4  | Reached XP level 18. HP: 114/177 MP: 8/22
 28642 | Snake:4  | Received a gift from Okawaru
 28655 | Snake:4  | Noticed Aizul
 28669 | Snake:4  | Killed Aizul
 28788 | Snake:4  | Received a gift from Okawaru
 28957 | Snake:4  | Got a serpentine rune of Zot
 29184 | Snake:4  | Noticed Mara
 29185 | Snake:4  | Noticed tmaa's illusion
 29230 | Snake:4  | Noticed tmaa's illusion
 29262 | Snake:4  | Noticed tmaa's illusion
 29268 | Snake:4  | Killed Mara
 29897 | Shoals:1 | Entered Level 1 of the Shoals
 30457 | Shoals:1 | Received a gift from Okawaru
 31176 | Shoals:2 | Identified the +4 plate armour of Happiness {Str+3}
                  | (Okawaru gifted it to you on level 2 of the Shoals)
 31176 | Shoals:2 | Received a gift from Okawaru
 31302 | Shoals:2 | Identified the ring "Jiblusei" {rPois rCorr Str+6}
 31656 | Shoals:2 | Identified the staff of fire "Etugg" {rF+ rC+ Dex+3}
 33321 | Shoals:3 | Found Ruag's Self-Improvement Boutique.
 33707 | Shoals:4 | Entered Level 4 of the Shoals
 33866 | Shoals:4 | Reached XP level 19. HP: 151/184 MP: 20/25
 34044 | Shoals:4 | Identified the +1 ring mail of Virtue {Rampage rF+ Slay+2}
 34250 | Shoals:4 | Received a gift from Okawaru
 34401 | Shoals:4 | Identified the +2 scimitar of Recklessness {freeze, rElec
                  | rC- Str+4}
 34588 | Shoals:4 | Identified the +4 broad axe of Fikhlez {heavy, *Corrode
                  | rF+++ Dex+5} (Okawaru gifted it to you on level 4 of the
                  | Shoals)
 34588 | Shoals:4 | Received a gift from Okawaru
 34590 | Shoals:4 | Reached skill level 10 in Invocations
 35145 | Shoals:4 | Identified the staff of cold "Etto" {Fly rC+ Int+5}
 35147 | Shoals:4 | Identified the amulet "Deonicic" {Faith Fragile rElec rC-
                  | rCorr}
 35196 | Shoals:4 | Got a barnacled rune of Zot
 35753 | Elf:1    | Entered Level 1 of the Elven Halls
 36383 | Elf:1    | Found Zeumiuwk's Armour Boutique.
 36484 | Elf:1    | Paralysed by an air elemental for 1 turns
 36488 | Elf:1    | Paralysed by an air elemental for 1 turns
 36497 | Elf:1    | Noticed a Brimstone Fiend
 36512 | Arena    | Entered the Arena
 37868 | Elf:1    | Found a runed translucent gate.
 37868 | Elf:1    | Found a runed translucent gate.
 37868 | Elf:1    | Found a runed translucent gate.
 37868 | Elf:1    | Found a runed translucent gate.
 37868 | Elf:1    | Found a runed translucent gate.
 37871 | Elf:1    | Found a runed translucent gate.
 37943 | Elf:1    | Received a gift from Okawaru
 38337 | Elf:2    | Found Xatsunwoi's General Store.
 38390 | Elf:2    | Bought a potion of curing for 51 gold pieces
 38466 | Elf:2    | Noticed a Brimstone Fiend
 39432 | Elf:2    | Received a gift from Okawaru
 39483 | Elf:2    | Reached skill level 10 in Throwing
 39884 | Elf:2    | Found a runed translucent gate.
 39884 | Elf:2    | Found a runed translucent gate.
 39884 | Elf:2    | Found a runed translucent gate.
 40412 | Elf:2    | Reached XP level 20. HP: 198/198 MP: 26/26
 40413 | Elf:2    | Received a gift from Okawaru
 40833 | Elf:3    | Entered Level 3 of the Elven Halls
 41378 | Elf:3    | Identified the +5 war axe "Tuff" {speed, rF+ rC+ Will-
                  | Stlth+}
 41398 | Elf:3    | Received a gift from Okawaru
 41898 | Elf:3    | Paralysed by an air elemental for 1 turns
 41903 | Elf:3    | Paralysed by an air elemental for 1 turns
 42239 | Elf:3    | Found a runed translucent door.
 42239 | Elf:3    | Noticed choppaz's ghost (adept TrFi)
 42281 | Elf:3    | Killed choppaz's ghost
 42895 | Elf:3    | Found Myho Cyps's Distillery.
 42903 | Elf:3    | Bought a potion of haste for 140 gold pieces
 42903 | Elf:3    | Bought a potion of heal wounds for 70 gold pieces
 42920 | Elf:3    | Identified the +4 trident of Kismet {freeze, rElec}
 42929 | Elf:3    | Identified the +4 hand axe of Wuin {freeze, rElec rPois}
 42939 | Elf:3    | Identified the ring of the Catfish {rF+ Str+6}
 42939 | Elf:3    | Identified the amulet of the Lich-sworn {Faith rElec rPois
                  | rN+ Int-2}
 43622 | Elf:3    | Identified the +7 chain mail of Snakes and Ladders {Drain
                  | rElec rC+++ SInv}
 43623 | Elf:3    | Found the +2 pair of slick slippers {slick, slippery, EV+5}
 43778 | Elf:3    | Got Sif Muna's Commentary on Undead Hail
 43781 | Elf:3    | Identified the staff of fire "Qelej" {rElec rF+ Int+2}
 43784 | Elf:3    | Identified the +1 helmet of the Fiend {Rampage Fly Dex-2
                  | Stlth+}
 43786 | Elf:3    | Identified the ring "Oloent" {Fly rC- Str+5 Dex+6}
 44078 | Elf:3    | Identified the +0 cloak of Quetrir {Int+6}
 44372 | Vaults:1 | Entered Level 1 of the Vaults
 44483 | Vaults:1 | Identified the +0 robe of the Loofah {Will+ Int-2 Dex+3}
                  | (Okawaru gifted it to you on level 1 of the Vaults)
 44483 | Vaults:1 | Received a gift from Okawaru
 44501 | Vaults:1 | Reached skill level 1 in Evocations
 45119 | Vaults:1 | Identified the +8 ring mail of the King of the Hill {-Cast
                  | rPois rN++ SInv}
 46222 | Vaults:2 | Reached XP level 21. HP: 210/210 MP: 27/27
 46344 | Vaults:2 | Found a staircase to the Crypt.
 46344 | Vaults:2 | Found an ancient bone altar of Kikubaaqudgha.
 46344 | Vaults:2 | Found a basalt altar of Yredelemnul.
 46806 | Vaults:2 | Received a gift from Okawaru
 47170 | Vaults:3 | Noticed Xtahua
 47183 | Vaults:3 | Killed Xtahua
 47304 | Vaults:3 | Received a gift from Okawaru
 47401 | Vaults:3 | Reached skill level 5 in Evocations
 47417 | Vaults:3 | Received a gift from Okawaru
 47439 | Vaults:3 | Reached XP level 22. HP: 175/220 MP: 28/28
 47710 | Vaults:3 | Received a gift from Okawaru
 47710 | Vaults:3 | Found the +15 Maxwell's patent armour {-Cast -Tele rElec
                  | Will+ rCorr}
 49105 | Vaults:4 | Received a gift from Okawaru
 49291 | Vaults:4 | Paralysed by an air elemental for 1 turns
 49743 | Vaults:4 | Received a gift from Okawaru
 49755 | Vaults:4 | Reached XP level 23. HP: 157/229 MP: 29/29
 49877 | Vaults:5 | Entered Level 5 of the Vaults
 49914 | Vaults:4 | Received a gift from Okawaru
 49970 | Vaults:4 | Identified the +3 plate armour "Rietzar" {Regen+ MP-9
                  | Str+3} (Okawaru gifted it to you on level 4 of the Vaults)
 49970 | Vaults:4 | Received a gift from Okawaru
 50413 | Vaults:5 | Noticed a dread lich
 50564 | Vaults:5 | Killed a dread lich
 51141 | Vaults:5 | Identified the +2 hat of the Imbibing Gods {rF+ Slay+2}
                  | (Okawaru gifted it to you on level 5 of the Vaults)
 51141 | Vaults:5 | Received a gift from Okawaru
 51357 | Vaults:5 | Got a silver rune of Zot
 51816 | Vaults:5 | Identified the +3 plate armour of the Monk {Stlth+}
 52087 | Vaults:5 | Identified the +3 robe "Zohunnoz" {Rampage Regen+ Stlth-}
 52430 | Vaults:5 | Got Ahyq's Elucidation of Charged Kindling
 52641 | Vaults:5 | Identified the ring of Ignis's Approval {rElec rPois rF+
                  | rN+ Int+6}
 52793 | Vaults:5 | Identified the +4 morningstar of the Foot {protect, rF+ rC+
                  | rCorr}
 52795 | Vaults:5 | Got the Anthology of Doomed Attendants
 53143 | Depths:2 | Reached skill level 10 in Evocations
 53519 | Depths:2 | Found a one-way gate leading to the halls of Pandemonium.
 53524 | Depths:2 | Received a gift from Okawaru
 53638 | Depths:2 | Reached XP level 24. HP: 232/242 MP: 20/29
 54236 | Depths:2 | Received a gift from Okawaru
 54300 | Depths:2 | Received a gift from Okawaru
 54363 | Depths:2 | Identified the +12 rapier "Jipn" {elec, Contam rElec Will+
                  | Int+2}
 54371 | Depths:2 | Received a gift from Okawaru
 54420 | Depths:2 | Identified the +9 sling of the Singing Viper {flame, Drain
                  | Str+4}
 55114 | Depths:3 | Noticed a juggernaut
 55128 | Depths:3 | Killed a juggernaut
 55369 | Depths:3 | Received a gift from Okawaru
 55859 | Depths:3 | Identified the +1 tower shield of Kiop {rElec Int+2}
                  | (Okawaru gifted it to you on level 3 of the Depths)
 55859 | Depths:3 | Received a gift from Okawaru
 56483 | Depths:3 | Found a corrupted altar of Lugonu.
 56624 | Depths:4 | Entered Level 4 of the Depths
 56693 | Depths:4 | Found a one-way gateway to a ziggurat.
 57348 | Depths:4 | Reached XP level 25. HP: 253/253 MP: 30/30
 57733 | Depths:4 | Found a gate to the Realm of Zot.
 57955 | Zot:1    | Entered Level 1 of the Realm of Zot
 57977 | Zot:1    | Received a gift from Okawaru
 58334 | Zot:1    | Identified the +8 hand axe of Kempasa {elec, Str+7}
                  | (Okawaru gifted it to you on level 1 of the Realm of Zot)
 58334 | Zot:1    | Received a gift from Okawaru
 58543 | D:13     | You paid a toll of +2 gold dragon scales to enter a
                  | treasure trove
 58544 | Trove    | Entered a treasure trove
 58550 | Trove    | Identified the +0 hat of Kumuor {Harm Regen+}
 58556 | Trove    | Identified the scarf "Camaqu" {shadows, +Inv Int+7 Dex-3}
 58558 | Trove    | Identified the +1 cloak of the Armadillo {Str+4 Int+3}
 58563 | Trove    | Identified the +2 pair of gloves of Tiluthree {rN++ Str-4}
 58567 | Trove    | Identified the +0 plate armour of Daffodils {Harm}
 58568 | Trove    | Identified the +1 pair of gloves of Love and Death {rC+}
 58569 | Trove    | Identified the +0 pair of gloves "Gusiv" {rElec}
 58948 | Zot:1    | Identified the +0 pair of boots of the Lotus Blossom {-Tele
                  | rC++ Will+}
 59047 | Zot:1    | Noticed an orb of fire
 59059 | Zot:1    | Gained mutation: You are weak. (Str -2) [an orb of fire]
 59067 | Zot:1    | Killed an orb of fire
 59322 | Zot:1    | Identified the ring "Cyluck" {rCorr Int+3}
 60003 | Zot:2    | Received a gift from Okawaru
 60181 | Zot:2    | Noticed a Killer Klown
 60182 | Zot:2    | Found a transporter.
 60187 | Zot:2    | Noticed an orb of fire
 60194 | Zot:2    | Gained mutation: Armour fits poorly on your strangely
                  | shaped body. [an orb of fire]
 60196 | Zot:2    | Gained mutation: You occasionally lose the ability to read
                  | scrolls when taking damage. [an orb of fire]
 60204 | Zot:2    | Gained mutation: Your magical capacity is low. (-10% MP)
                  | [an orb of fire]
 60210 | Zot:2    | Gained mutation: You occasionally shout uncontrollably at
                  | your foes. [an orb of fire]
 60214 | Zot:2    | Killed an orb of fire
 60483 | Zot:2    | Received a gift from Okawaru
 60546 | Zot:3    | Upgraded the game from 0.30-a0-949-g53dc5368d7 to
                  | 0.30-a0-950-gbf40cfac39
 60638 | Zot:3    | Found a transporter.
 60670 | Zot:3    | Received a gift from Okawaru
 60732 | Zot:3    | Found a runed translucent door.
 60732 | Zot:3    | Noticed Levvoh's ghost (legendary MiBe)
 61219 | Shoals:1 | Lost mutation: You occasionally shout uncontrollably at
                  | your foes. [potion of mutation]
 61219 | Shoals:1 | Lost mutation: Your magical capacity is low. (-10% MP)
                  | [potion of mutation]
 61219 | Shoals:1 | Lost mutation: You are weak. (Str -2) [potion of mutation]
 61219 | Shoals:1 | Gained mutation: You have large cloven feet. [potion of
                  | mutation]
 61219 | Shoals:1 | Gained mutation: Your magical capacity is low. (-10% MP)
                  | [potion of mutation]
 61219 | Shoals:1 | Gained mutation: You have a pair of large horns on your
                  | head. [potion of mutation]
 61315 | Snake:1  | Lost mutation: Your magical capacity is low. (-10% MP)
                  | [potion of mutation]
 61315 | Snake:1  | Lost mutation: You have a pair of large horns on your head.
                  | [potion of mutation]
 61315 | Snake:1  | Lost mutation: You have large cloven feet. [potion of
                  | mutation]
 61315 | Snake:1  | Gained mutation: You are robust. (+10% HP) [potion of
                  | mutation]
 61315 | Snake:1  | Gained mutation: Your spells are a little harder to cast,
                  | but a little more powerful. [potion of mutation]
 61431 | Shoals:3 | Lost mutation: Armour fits poorly on your strangely shaped
                  | body. [potion of mutation]
 61431 | Shoals:3 | Lost mutation: Your spells are a little harder to cast, but
                  | a little more powerful. [potion of mutation]
 61431 | Shoals:3 | Lost mutation: You are robust. (+10% HP) [potion of
                  | mutation]
 61431 | Shoals:3 | Gained mutation: You are dopey. (Int -2) [potion of
                  | mutation]
 61431 | Shoals:3 | Gained mutation: You occasionally lose the ability to drink
                  | potions when taking damage. [potion of mutation]
 61431 | Shoals:3 | Gained mutation: You are agile. (Dex +4, Str/Int -1)
                  | [potion of mutation]
 61431 | Shoals:3 | Lost mutation: You are dopey. (Int -2) [potion of mutation]
 61581 | Lair:5   | Lost mutation: You are agile. (Dex +4, Str/Int -1) [potion
                  | of mutation]
 61581 | Lair:5   | Lost mutation: You occasionally lose the ability to read
                  | scrolls when taking damage. [potion of mutation]
 61581 | Lair:5   | Gained mutation: You are frail. (-10% HP) [potion of
                  | mutation]
 61761 | D:6      | Lost mutation: You are frail. (-10% HP) [potion of
                  | mutation]
 61761 | D:6      | Lost mutation: You occasionally lose the ability to drink
                  | potions when taking damage. [potion of mutation]
 61761 | D:6      | Gained mutation: You are frail. (-10% HP) [potion of
                  | mutation]
 62100 | Zot:3    | Received a gift from Okawaru
 62167 | Zot:3    | Received a gift from Okawaru
 62347 | Zot:3    | Found a transporter.
 62432 | Zot:3    | Noticed a dread lich
 62433 | Zot:3    | Noticed a dread lich
 62434 | Zot:3    | Noticed an orb of fire
 62460 | Arena    | Entered the Arena
 62498 | Zot:3    | Gained mutation: You are very frail. (-20% HP) [an orb of
                  | fire]
 62504 | Zot:3    | Gained mutation: You occasionally lose the ability to drink
                  | potions when taking damage. [an orb of fire]
 62506 | Zot:3    | Killed an orb of fire
 62508 | Zot:3    | Killed a dread lich
 62508 | Zot:3    | Received a gift from Okawaru
 62514 | Zot:3    | Identified the +3 chain mail "Moylui" {Int+3 Dex+2}
                  | (Okawaru gifted it to you on level 3 of the Realm of Zot)
 62514 | Zot:3    | Received a gift from Okawaru
 62516 | Zot:3    | Killed a dread lich
 62680 | Zot:3    | Identified the +2 shortbow of the End of Times {antimagic,
                  | rElec rCorr Int+5 Dex-4}
 62732 | Zot:3    | Identified the ring "Ziogig" {rF+ rN+ Will+ Str+4}
 62749 | Zot:3    | Identified the ring of Vuerilah {rElec rF+ Dex+6}
 63337 | Zot:4    | Noticed a Killer Klown
 63338 | Zot:4    | Noticed a dread lich
 63340 | Zot:4    | Reached XP level 26. HP: 200/211 MP: 30/31
 64265 | Zot:4    | Killed a dread lich
 64267 | Zot:4    | Reached skill level 27 in Armour
 64409 | Zot:4    | Found the +5 demon whip "Spellbinder" {antimagic, disrupt,
                  | Will+}
 64438 | Zot:4    | Received a gift from Okawaru
 64451 | Zot:4    | Reached skill level 27 in Fighting
 65061 | Zot:5    | Entered Level 5 of the Realm of Zot
 65140 | Zot:5    | Reached skill level 27 in Shields
 65186 | Zot:5    | Received a gift from Okawaru
 65286 | Zot:5    | Noticed an orb of fire
 65286 | Zot:5    | Noticed a dread lich
 65329 | Zot:5    | Noticed an ancient lich
 65438 | Zot:5    | Received a gift from Okawaru
 65524 | Zot:5    | Killed an ancient lich
 65524 | Zot:5    | Identified the +0 pair of boots of Tartarus {+Blink}
                  | (Okawaru gifted it to you on level 5 of the Realm of Zot)
 65524 | Zot:5    | Received a gift from Okawaru
 65869 | Zot:5    | Got the Orb of Zot
 66534 | D:$      | Escaped with the Orb!

Illustrated notes

Levels and vault maps discovered:
D:1:      dpeg_arrival_arbitrary_c, layout_rooms
D:2:      layout_loops_ring, basic_altar, kennysheep_big_empty_room,
          chequers_mini_garden
D:3:      minmay_inner_zag, layout_basic
D:4:      layout_basic, gammafunk_ghost_gnarly_gnolls, serial_shops,
          nicolae_shop_trees, shop, minmay_fountain_box
D:5:      layout_loops_corners, minmay_temple_entry_stoned_glass,
          enter_ossuary_3, gammafunk_ghost_abyssal_escape
D:6:      layout_basic, nicolae_overflow_hidden_temple, uniq_maggie
D:7:      layout_basic, serial_bayou_pond_a, uniq_menkaure,
          uniq_crazy_yiuf_cottage
D:8:      layout_rooms, serial_shops, nicolae_shop_trees, shop_statue,
          nicolae_shop_advertising_works [nicolae_subvault_shop_adworks],
          shop_statue, nicolae_square_shop
D:9:      layout_cross, hangedman_abyss_or_decor_lesser_grid,
          hangedman_fish_farm, uniq_pikel, uniq_grum
D:10:     layout_layer_cave, david_lair_generic
D:11:     layout_irregular_city, uniq_harold
D:12:     layout_cave_pods, hiddenorc1_lemuel, serial_shops, shop,
          nicolae_tso_swordbearing_angel
D:13:     layout_loops_ring, nicolae_trove_entry_crossroad,
          gammafunk_ghost_necromancy, drop_trap, dk_noncrumbling_4,
          minivault_16, nicolae_titane, uniq_urug
D:14:     layout_basic, erik_vaults_1, okawaru_trees_2, st_stairs_1,
          led_xom_imps, uniq_josephine, uniq_roxanne, uniq_kirke
D:15:     grunt_enter_depths_giant_problem, layout_loops_corners, serial_shops,
          nicolae_shop_statue_plus, gauntlet_entry_generic,
          grunt_decor_arrowhead, uniq_jorgrun
Temple:   nicolae_temple_no_exploring_needed
Lair:1:   layout_loops_ring, grunt_megastairs_2, lemuel_fruit_fields,
          serial_bayou_shore_b, uniq_joseph, uniq_sonja
Lair:2:   layout_hall_layers, elwin_shoals_entry_rooms,
          guppyfry_snake_entry_garden, nicolae_volcano_entry_lava_flow,
          grunt_forest_large_clearings, serial_bayou_shore_a
Lair:3:   layout_cave_shapes, serial_bayou_crossing, grunt_megastairs_4
Lair:4:   layout_gridlike, infiniplex_staircase_pool_2, grunt_megastairs_1
Lair:5:   evilmike_catoblepas_cave, layout_loops_ring,
          nicolae_slime_entry_slimehenge, minivault_27, grunt_megastairs_3,
          lemuel_fruit_fields, serial_bayou_shore_b, lemuel_fruit_tree
Shoals:1: layout_shoals, nicolae_shoals_secluded_bog
Shoals:2: cheibrodos_shoals_gigantism, layout_shoals
Shoals:3: layout_shoals, nicolae_shop_self_help
Shoals:4: shoals_end_hellmonk_lost_city, serial_shops
Snake:1:  nicolae_snake_attic_fulla_snakes, layout_rooms
Snake:2:  layout_layer_cave, ebering_ghost_xom, hangedman_venom_bottle
Snake:3:  layout_gridlike, nicolae_snake_serpentine_bazaar,
          nicolae_triple_integral, minmay_shop_grove
Snake:4:  snake_pit_salamanders_mu, layout_rooms, uniq_aizul, uniq_louise,
          uniq_mara
Orc:1:    layout_caves, special_room [special_room_bee]
Orc:2:    grunt_orc_tribal_feast, layout_caves, serial_shops,
          nicolae_shop_statue_plus, shop, shop, uniq_erolcha, uniq_azrael
Elf:1:    layout_geoelf_diagonals, orc_legates, grunt_ministairs_13,
          grunt_megastairs_5, minmay_shop_star
Elf:2:    nicolae_elf_blades_splatter_lattice [nicolae_blade_little_rooms],
          layout_geoelf_octagon, serial_shops, shop_fountains
Elf:3:    elf_hall, layout_gridlike, ebering_ghost_reflecting_pool,
          serial_shops, nicolae_shop_hallway_stairs
Vaults:1: vaults_room_octagon, v_misc_29, v_misc_8,
          nicolae_vaults_windows_and_doors_thing, ontoclasm_vaults_eye,
          vaults_dpeg_cross, grunt_vaults_trifunnel,
          vaults_mumra_minichess_inversion, serial_ice_h,
          nicolae_vaults_display_case, v_alt_pattern_2,
          ontoclasm_vaults_gateway, grunt_vaults_focal, nicolae_vaults_asterisk,
          layout_vaults_ring
Vaults:2: v_misc_26, ontoclasm_vaults_ring_large,
          nicolae_vaults_little_squares_3, vaults_room_door_hall,
          vaults_dpeg_emergency_exit, minmay_crypt_entry_necro_gods, v_misc_24,
          vaults_dpeg_ring, layout_vaults_quadrants
Vaults:3: hangedman_vaults_stitches, vaults_room_grunt_arrival_checkpoint,
          st_octagons_2, v_misc_17, v_misc_30, hangedman_vaults_snaps,
          vaults_room_corners, v_pattern_2, layout_vaults_maze, uniq_xtahua
Vaults:4: vaults_room_large_hall, vaults_room_door_hall,
          nicolae_vaults_fighting_squares, grunt_vaults_hallway_short,
          hangedman_vaults_capsules, nicolae_vaults_network_barrier, v_misc_10,
          nicolae_vaults_shelves_hall, ontoclasm_vaults_chip, vaults_room_pools,
          vaults_room_pools, layout_vaults_chaotic_city,
          serial_hangedman_research, hangedman_research_electronics,
          hangedman_research_pyrotechnics
Vaults:5
Depths:1: layout_roguey, serial_shops, bzr_entry_lakeside,
          nicolae_hell_entry_hellmouth_sunbeams, serial_aquarium,
          aquarium_bridge_long_separate [aquarium_subvault_wall,
          aquarium_subvault_wall, aquarium_subvault_bridge,
          aquarium_subvault_bridge, aquarium_subvault_window,
          aquarium_subvault_bridge], aquarium_bridge_straight
          [aquarium_subvault_bridge, aquarium_subvault_wall,
          aquarium_subvault_bridge, aquarium_subvault_window],
          aquarium_window_1, aquarium_window_fake, aquarium_window_fake,
          aquarium_view_2e, aquarium_balcony_1b, nicolae_transporter_circle
Depths:2: minmay_the_grid_octo_2x2 [minmay_the_grid_octo_clover,
          minmay_the_grid_octo_teeth, minmay_the_grid_octo_focus,
          minmay_the_grid_octo_prize_square_snowflake], layout_gridlike,
          grunt_pan_entry_spiral, hell_entry, dk_noncrumbling_2,
          dreamdust_wasp_nest
Depths:3: cell_vault, layout_cave_shapes, pan_entry, hellmouth_3,
          abyss_entry_flame_altar, infiniplex_staircase_pillars_3b
Depths:4: evilmike_zot_entry_diamond, layout_gridlike, enter_ziggurat_f,
          serial_sigils_hangedman_confine, hell_entry, uniq_grunn
Zot:1:    kennysheep_six_static_rooms, layout_basic, st_stairs_5,
          st_single_dragon_hoard_3
Zot:2:    gammafunk_sealed_arena, layout_gridlike
Zot:3:    gammafunk_dig_for_victory, layout_cathedral_of_symmetry,
          hellmonk_ghost_happy_afterlife
Zot:4:    hangedman_zot_vaults_quadrants, layout_onion_interference
Zot:5:    layout_misc_corridors

Skill      XL: |  1  2  3  4  5  6  7  8  9 10 11 12 13 14 15 16 17 18 19 20 21 22 23 24 25 26 |
---------------+-------------------------------------------------------------------------------+-----
Armour         | 4 5 6 7 8 9 11 12 13 15 17 18 19 20 21 22 23 24 25 26 27 | 27.0
Axes           | 3 4 5 7 9 11 12 14 16 18 | 18.0
Fighting       | 4 5 6 7 8 9 11 12 13 15 17 18 19 20 21 22 23 25 26 27 | 27.0
Shields        | 4 5 6 7 8 9 11 12 13 15 17 18 19 20 21 22 23 25 26 27 | 27.0
Throwing       | 5 8 10 11 12 14 | 14.3
Invocations    | 3 5 7 9 10 11 13 14 | 14.7
Evocations     | 3 6 7 10 11 13 14 | 14.4

Action                     |  1- 3 |  4- 6 |  7- 9 | 10-12 | 13-15 | 16-18 | 19-21 | 22-24 | 25-27 || total
---------------------------+-------+-------+-------+-------+-------+-------+-------+-------+-------++-------
  Melee: War axe           |    96 |   122 |   274 |   457 |   143 |     2 |       |       |       ||  1094
         Headbutt          |    14 |    15 |    46 |    95 |   287 |   387 |   298 |   510 |   400 ||  2052
         Broad axe         |       |       |       |       |  1053 |  1394 |  1288 |  1441 |  1049 ||  6225
  Throw: Boomerang         |       |       |     4 |     2 |    10 |     4 |       |       |       ||    20
         Dart              |       |       |     1 |       |       |    14 |     3 |       |       ||    18
         Javelin           |       |       |       |       |    15 |    63 |    68 |    58 |    69 ||   273
 Invoke: Finesse           |       |       |       |       |     1 |     4 |     4 |     2 |     1 ||    12
         Heroism           |       |       |       |       |       |    12 |    10 |     7 |     4 ||    33
         Duel              |       |       |       |       |       |       |     1 |       |     1 ||     2
Ability: Evoke Blink       |       |       |       |       |       |       |       |       |     4 ||     4
  Evoke: Wand              |       |       |       |     2 |     4 |       |       |     2 |     8 ||    16
    Use: Scroll            |     2 |    10 |    12 |     1 |     5 |     9 |    11 |       |     6 ||    56
         Potion            |       |       |     3 |     1 |     1 |     4 |    10 |       |    19 ||    38
   Stab: Distracted        |       |       |       |       |       |       |     1 |       |     1 ||     2
 Armour: Scale mail        |    53 |    77 |    22 |       |       |       |       |       |       ||   152
         Ring mail         |       |       |    73 |       |       |       |       |       |       ||    73
         Plate armour      |       |       |    44 |   262 |   619 |   554 |   314 |   316 |   485 ||  2594
         Crystal plate arm |       |       |       |       |       |       |       |   148 |   112 ||   260
  Dodge: Dodged            |    35 |    60 |    91 |   149 |   327 |   262 |   164 |   210 |   255 ||  1553
         Repelled          |       |       |       |       |       |     3 |    11 |       |       ||    14
  Block: Buckler           |    26 |    28 |    77 |   160 |   353 |       |       |       |       ||   644
         Kite shield       |       |       |       |       |       |   496 |       |       |       ||   496
         Tower shield      |       |       |       |       |       |   744 |  1192 |  1356 |  1251 ||  4543

Table legend: (Time is in decaauts)
 A = Elapsed time spent in this place.
 B = Non-inter-level travel time spent in this place.
 C = Inter-level travel time spent in this place.
 D = Time resting spent in this place.
 E = Time spent auto-exploring this place.
 F = Levels seen in this place.
 G = Mean time per level.
                   A        B        C        D        E       F      G
               +--------+--------+--------+--------+--------+-----+--------+
         Total |  64963 |  59146 |   5817 |  13497 |  26232 |  54 | 1203.0 |
       Dungeon |  15192 |  12858 |   2334 |    811 |   8003 |  15 | 1012.8 |
        Temple |     63 |     51 |     12 |      0 |      0 |   1 |   63.0 |
          Lair |   6316 |   5522 |    794 |   1202 |   2983 |   5 | 1263.2 |
        Shoals |   5669 |   5327 |    342 |   1709 |   2505 |   4 | 1417.2 |
     Snake Pit |   4953 |   4488 |    465 |    693 |   2408 |   4 | 1238.2 |
  Orcish Mines |   1351 |   1241 |    110 |    146 |    578 |   2 |  675.5 |
   Elven Halls |   8321 |   8109 |    212 |   4258 |   1593 |   3 | 2773.7 |
        Vaults |   8306 |   7872 |    434 |   1740 |   3697 |   5 | 1661.2 |
        Depths |   7208 |   6281 |    927 |   1111 |   2743 |   4 | 1802.0 |
           Zot |   5937 |   5754 |    183 |   1340 |   1713 |   5 | 1187.4 |
         Trove |     90 |     90 |      0 |      0 |      0 |   1 |   90.0 |
       Ossuary |    270 |    270 |      0 |      0 |      7 |   1 |  270.0 |
       Volcano |    849 |    849 |      0 |    454 |      0 |   1 |  849.0 |
      Gauntlet |    382 |    382 |      0 |      0 |      0 |   1 |  382.0 |
         Arena |     48 |     48 |      0 |     29 |      0 |   2 |   24.0 |
               +--------+--------+--------+--------+--------+-----+--------+

Top non-repeatable levels by time:
   Elf:1: 3085 daAuts
   Elf:3: 2939 daAuts
Vaults:4: 2531 daAuts
   Elf:2: 2296 daAuts
Depths:1: 1961 daAuts
Vaults:5: 1904 daAuts
   Zot:3: 1896 daAuts
Depths:2: 1864 daAuts
 Snake:4: 1819 daAuts
Shoals:4: 1766 daAuts
Depths:3: 1755 daAuts
Shoals:3: 1640 daAuts
Depths:4: 1627 daAuts
 Snake:2: 1623 daAuts
  Lair:2: 1604 daAuts
